← All builds
Geo sea / Legion / Economy first / OBSERVED BUILD

Standard geo sea

Legion Geo sea build order · Supreme Isthmus

The role's baseline: bot lab reclaimed for metal, shipyard built in the cove, Syracusia and Geothermal Powerplant on normal timing, transitioning into Argonaut and other naval units to contest the sea for the rest of the game.

Usually shipyard in the cove (94%) · geo on time (61%)

#naval #eco · 61 distinct matches · 29 players · 72% of Legion Geo sea games · team won 50% of 62 · Recently observed

HOW TO PLAY IT

Key timing: Shipyard by 3:06

  1. Open with mex and solar, then put down Legion Bot Lab for reclaim.
  2. Build Legion Bot Lab early, planning to eat it for metal.
  3. Build shipyard and reclaim the bot lab into the sea economy.
  4. Eat the Legion Bot Lab at 3:12 to fund early sea units.
  5. Add Syracusia then geothermal, transition into Argonaut-led sea army.

Phase by phase

TYPICAL OF ITS 61 GAMES
  1. 1
  2. 2
  3. 3
  4. 4
PLAY THE OPENING

Follow the example game's first 6:00 step by step: what to build now, what comes next, and where it goes. At 1× it keeps pace with your own game.

  1. 1

    Up to the Legion Bot Lab

    Economy
    • Metal Extractor3Mex
    • Wind Turbine3Wind
    Order
    1. Legion Bot LabLegion Bot Lab after 3 mex, 3 winddone ~1:12, middle half 1:05–1:26

    Some games also: wind for allies (40%)

    By 0:55 in all: 3 mex · 3 wind

    The example game in this phase · 3 steps
    1. Mex ×3
    2. Wind ×4
    3. Legion Bot LabLegion Bot Labdone 1:11 · typical 1:12
  2. 2

    Legion Bot Lab to Shipyard

    Economy
    • Metal Extractor1Mex
    Order
    1. ShipyardShipyard after 4 mex, 4 wind, 1 con turretdone ~3:16, middle half 2:41–3:35
    Builders
    • Zagreus3 Zagreus
    • Legion Construction Bot3 Legion Construction Bot

    Some games also: wind (50%) · con turret (50%) · Toxotai (39%) · wind for allies (35%) · Goblin (31%)

    By 2:43 in all: 4 mex · 4 wind

    The example game in this phase · 14 steps
    1. Legion Construction BotLegion Construction Bot ×3
    2. Mex
    3. ToxotaiToxotai
    4. Wind
    5. Con turret
    6. Mex
    7. Wind ×2
    8. Mex
    9. Wind
    10. Radar TowerRadar Tower ×2
    11. EuryaleEuryale
    12. Wind
    13. Tidal
    14. ShipyardShipyarddone 3:40 · typical 3:16
  3. 3

    Shipyard to 5:00

    Economy
    • Metal Extractor4Mex
    • Wind Turbine2Wind
    Order
    1. Legion Bot LabEat Legion Bot Lab
    Builders
    • Construction Ship1 Con ship
    Army
    • Argonaut2 Argonaut
    • Syracusia1 Syracusia
    Other
    • Radar Tower1 Radar Tower

    Some games also: Pharos (50%) · Hippocampus (39%) · submarine (39%) · converter (37%)

    By 5:00 in all: 8 mex · 6 wind · 1 energy storage · 1 con turret

    The example game in this phase · 11 steps
    1. Energy storage
    2. Converter
    3. Construction ShipCon ship
    4. IapetusIapetus
    5. Tidal
    6. SyracusiaSyracusiadone 5:01 · typical 5:32
    7. Tidal
    8. Wind
    9. Tidal
    10. SthenoStheno
    11. Wind
  4. 4

    5:00 to 10:00

    Economy
    • Metal Extractor2Mex
    • Wind Turbine12Wind
    • Energy Converter3Converter
    Order
    1. Geothermal PowerplantGeo after 9 mex, 8 wind, 1 solarin 52% of games
    Builders
    • Construction Turret1 Con turret
    • Dionysus1 Dionysus
    Army
    • Pharos2 Pharos
    • Legion Drone8 Legion Drone
    • Syracusia3 Syracusia
    • Argonaut3 Argonaut

    Some games also: con ship (48%) · Bramble (42%)

    By 10:00 in all: 10 mex · 18 wind · 1 geo · 5 converter · 1 energy storage · 2 con turret

    The example game in this phase · 114 steps
    1. Legion DroneLegion Drone
    2. Naval Construction Turret
    3. ArgonautArgonaut
    4. Legion DroneLegion Drone
    5. Construction ShipCon ship
    6. IapetusIapetus
    7. Legion Bot LabEat Legion Bot Labreclaimed for its metal
    8. Wind
    9. SyracusiaSyracusia
    10. Legion DroneLegion Drone
    11. Wind
    12. Legion DroneLegion Drone
    13. ArgonautArgonaut
    14. Mex
    15. Legion DroneLegion Drone
    16. Wind
    17. SyracusiaSyracusia
    18. BrambleBramble
    19. PolybolosPolybolos
    20. Advanced Metal ExtractorT2 mexdone 8:05 · typical 9:19
    21. Mex
    22. Converter
    23. Legion DroneLegion Drone
    24. Radar TowerRadar Tower
    25. Wind
    26. Legion DroneLegion Drone
    27. Advanced Metal ExtractorT2 mex
    28. Wind
    29. Legion DroneLegion Drone
    30. SthenoStheno
    31. Legion DroneLegion Drone
    32. SyracusiaSyracusia
    33. Wind
    34. Advanced Metal ExtractorT2 mex
    35. Legion DroneLegion Drone
    36. Wind
    37. Legion DroneLegion Drone
    38. Converter
    39. Legion DroneLegion Drone ×2
    40. IapetusIapetus
    41. Legion DroneLegion Drone
    42. SyracusiaSyracusia
    43. Legion DroneLegion Drone
    44. Advanced Metal ExtractorT2 mex
    45. Legion DroneLegion Drone
    46. Wind
    47. Legion DroneLegion Drone ×3
    48. Wind
    49. Tidal
    50. Legion DroneLegion Drone ×3
    51. Wind
    52. Tidal
    53. Legion DroneLegion Drone ×3
    54. DionysusDionysus
    55. Tidal
    56. Legion DroneLegion Drone
    57. Converter
    58. Legion DroneLegion Drone
    59. Tidal
    60. Advanced Metal ExtractorT2 mex
    61. DionysusDionysus
    62. Tidal
    63. Legion DroneLegion Drone
    64. Naval Radar / Sonar TowerNaval Radar / Sonar Tower
    65. Wind
    66. Tidal
    67. Legion DroneLegion Drone
    68. Tidal
    69. Construction ShipCon ship
    70. Wind
    71. Legion DroneLegion Drone ×2
    72. DionysusDionysus
    73. Advanced Metal ExtractorT2 mex
    74. Tidal
    75. Legion DroneLegion Drone ×3
    76. Wind
    77. Legion DroneLegion Drone
    78. DionysusDionysus
    79. Tidal
    80. Legion DroneLegion Drone ×2
    81. Naval Construction Turret
    82. DionysusDionysus
    83. Wind
    84. Legion DroneLegion Drone
    85. Naval Construction Turret
    86. Converter
    87. DionysusDionysus
    88. Naval Construction Turret
    89. Legion DroneLegion Drone
    90. Naval Construction Turret
    91. Tidal ×2
    92. IapetusIapetus
    93. Tidal
    94. Wind
    95. DionysusDionysus
    96. Tidal
    97. Advanced Geothermal PowerplantAdvanced Geothermal Powerplantnot finished by 15:00
    98. DionysusDionysus
    99. Tidal ×2
    100. Construction ShipCon shipfor Geo
    101. Tidal
    102. Wind
    103. IapetusIapetus
    104. Tidal ×2
    105. IapetusIapetus
    106. Tidal
    107. DionysusDionysus
    108. Tidal ×2
    109. Legion DroneLegion Drone
    110. Wind
    111. DionysusDionysus
    112. Tidal ×3
    113. DionysusDionysus
    114. Tidal

Counts are medians over the build's games: half of them build more, half fewer. The example game is _X_'s (40 OS, 02/10/2026); pick another.

Team trades

IN AT LEAST 30% OF ITS GAMES

You hand over

  • Wind Turbine2 Wind to Airfirst at 1:43 · in 71% of games

You get

  • Finch1 Finch from Airfirst at 1:54 · in 60% of games
  • Hercules1 Light transport from Airfirst at 2:07 · in 44% of games
  • Advanced Construction Bot1 T2 con bot from Techfirst at 7:30 · in 76% of games

How it plays out

Typical game of this build, running totals by minute

Metal produced

010k20k30k
0:005:0010:0015:00

metal

Enemy metal destroyed

05k10k
0:005:0010:0015:00

metal

Own metal lost

02k4k6k
0:005:0010:0015:00

metal

62 games.

Show as table
ByMetal produced: This buildEnemy metal destroyed: This buildOwn metal lost: This build
1:0039500
2:0092800
3:00158400
4:002862020
5:00400714151
6:005382368122
7:006821653293
8:0084801476618
9:001020321361075
10:001218127191316
11:001471838851925
12:001776447562321
13:002035856932976
14:002344268464128
15:002727684014628
WHAT THE NUMBERS SAY

Standard sea opener with heavy early metal from eating the bot lab, but team still won well under half.

  • + Produces far more metal than enemy destroys by 5:00 (3995 vs 183).
  • − Team only won 41% of games despite the strong economy lead.
THE EXAMPLE YOU ARE READING

_X_

40.1 OS · 02/10/2026

Open source match ↗

5 received units · includes a constructor
8 metal received · 39256 energy received

Allied construction assistance is unknown. Timings are observations, not a promise of solo reproducibility.

Typical milestones

Legion Bot Lab1:12Middle 50%: 1:05–1:26 · n=61
Shipyard3:16Middle 50%: 2:41–3:35 · n=62
Syracusia5:32Middle 50%: 4:58–6:11 · n=62
Geothermal Powerplant7:37Middle 50%: 6:54–9:04 · n=40
Advanced Metal Extractor9:19Middle 50%: 8:34–9:47 · n=45

Played most by

KingBenjai9games of this buildsirniho9games of this buildRysica5games of this buildJesterB4games of this buildQwertylololo4games of this build